 Dungeon Crawl Stone Soup version 0.20.0-4-g10b340a (webtiles) character file.

109 hittemv20vhard the Poker (level 4, 0/36 HPs)
             Began as a Centaur Warper on May 27, 2017.
             Slain by an orc
             ... wielding a +0 hand axe
              (8 damage)
             ... on level 3 of the Dungeon.
             The game lasted 00:06:42 (3448 turns).

hittemv20vhard the Poker (Centaur Warper)           Turns: 3448, Time: 00:06:42

Health: 0/36       AC:  5    Str: 15      XL:     4   Next: 60%
Magic:  6/6        EV:  8    Int: 11 (12) God:
Gold:   192        SH:  2    Dex:  6 (8)  Spells: 6/6 levels left

rFire    . . .     SeeInvis .   a - +0 spear
rCold    . . .     Gourm    .   l - +0 buckler
rNeg     . . .     Faith    .   b - +0 leather armour
rPois    .         Spirit   .   i - +0 helmet
rElec    .         Reflect  .   (no cloak)
rCorr    .         Harm     .   (no gloves)
MR       .....                  (no barding)
Stlth    ..........             (no amulet)
Regen    0.2/turn               (no ring)
MPRegen  0.1/turn               (no ring)

@: very quick
A: hooves 3, deformed body, speed 2, tough skin 3
a: no special abilities


You were on level 3 of the Dungeon.
You were not hungry.

You visited 1 branch of the dungeon, and saw 3 of its levels.

You collected 192 gold pieces.

Inventory:

Hand Weapons
 a - a +0 spear (weapon)
Missiles
 e - 5 tomahawks of dispersal {=f}
 r - 12 poisoned needles
 Q - 62 stones (quivered)
Armour
 b - a +0 leather armour (worn)
 i - a +0 helmet (worn)
 l - a +0 buckler (worn)
Scrolls
 g - a scroll of fog {unknown}
 j - a scroll of noise {unknown}
 k - 2 scrolls of remove curse
 n - a scroll of magic mapping {unknown}
 q - 2 scrolls of teleportation {unknown}
 s - a scroll of random uselessness {unknown}
 t - 4 scrolls of identify {unknown}
Potions
 m - a potion of cancellation
 u - a potion of curing
Books
 c - a book of Spatial Translocations
Comestibles
 d - a meat ration
 f - 6 bread rations
 h - 6 chunks of flesh
 o - 2 royal jellies
 p - 2 fruits


   Skills:
 - Level 2.0 Fighting
 * Level 4.4 Polearms
 - Level 1.1 Throwing
 - Level 0.6 Armour
 - Level 1.3 Dodging
 - Level 1.5 Spellcasting
   Level 2.6 Translocations


You had 6 spell levels left.
You didn't know any spells.

Dungeon Overview and Level Annotations

Branches:
Dungeon (3/15)

Altars:
Qazlal

Annotations:
D:2 1 runed door


Innate Abilities, Weirdness & Mutations

You have hooves in place of feet.
Armour fits poorly on your strangely shaped body.
You cover ground very quickly.
You have extremely tough skin. (AC +3)


Message History

You hit the orc priest but do no damage.
An orc comes into view. It is wielding a flail.
You closely miss the orc priest.
The orc priest casts a cantrip, but nothing happens.
You hit the orc priest. You block the orc's attack.
The orc priest hits you with a mace.
* * * LOW HITPOINT WARNING * * *
You take 2 damage, and have 11/36 hp.
You hit the orc priest but do no damage.
The orc hits you but does no damage.
You hit the orc priest but do no damage.
The orc priest hits you but does no damage.
Unknown command.
You hit the orc priest but do no damage.
You kick the orc priest, but do no damage.
The orc barely misses you. The orc priest hits you with a mace.
* * * LOW HITPOINT WARNING * * *
You take 3 damage, and have 8/36 hp.
You hit the orc priest. The orc hits you with a hand axe!
You die...

#...# .#.o.
#...# ....
#...#######...
#.........#.#
##..#####...#
#...........
##.....##.##
......##.##.####
##........@o...#
#.##.##?##o##.#
...#.....# o#
.####..#### o.
#.. ### .. #


You could see an orc priest and 3 orcs.

Vault maps used:
D:1:      lemuel_arrival_behind_the_door_small
D:2:      first_bread, minmay_pentomino_v4, uniq_crazy_yiuf_cottage,
          uniq_terence
D:3:      lemuel_crystal_altar, nicolae_qazlal_style_of_elements,
          overflow_temple_1_default, gup_sewer_entry_bubbles

Notes
Turn   | Place    | Note
-------+----------+-------------------------------------------
     0 | D:1      | hittemv20vhard the Centaur Warper began the quest for the Orb.
     0 | D:1      | Reached XP level 1. HP: 17/17 MP: 3/3
    87 | D:1      | Reached skill level 2 in Polearms
   374 | D:1      | Identified a +0 buckler (You found it on level 1 of the Dungeon)
   446 | D:1      | Reached XP level 2. HP: 24/24 MP: 4/4
  1357 | D:2      | Reached skill level 3 in Polearms
  1522 | D:2      | Identified a potion of cancellation
  1523 | D:2      | HP: 6/24 [poisoned by an adder]
  1524 | D:2      | Identified a potion of might
  1525 | D:2      | Identified a potion of degeneration
  1526 | D:2      | Identified a potion of heal wounds
  1528 | D:2      | Reached XP level 3. HP: 28/29 MP: 5/5
  1903 | D:2      | Identified a potion of curing
  2125 | D:2      | Identified a +0 helmet (You found it on level 2 of the Dungeon)
  2152 | D:2      | Identified 3 scrolls of remove curse
  2226 | D:2      | Noticed Terence
  2360 | D:2      | Killed Terence
  2360 | D:2      | Reached skill level 4 in Polearms
  2360 | D:2      | Reached XP level 4. HP: 18/36 MP: 6/6
  2562 | D:2      | Found a runed door.
  3258 | D:3      | Noticed a water elemental
  3331 | D:3      | Found a stormy altar of Qazlal.
  3331 | D:3      | Noticed an air elemental
  3332 | D:3      | Noticed a fire elemental
  3332 | D:3      | Noticed an earth elemental
  3447 | D:3      | HP: 8/36 [orc priest/mace (3)]
  3448 | D:3      | Identified a +0 hand axe
  3448 | D:3      | Slain by an orc

Table legend:
 A = Turns spent in this place as a percentage of turns spent in the entire game.
 B = Non-inter-level travel turns spent in this place as a percentage of non-inter-level travel turns spent in the entire game.
 C = Inter-level travel turns spent in this place as a percentage of turns spent in this place.
 D = Turns resting spent in this place as a percentage of non-inter-level travel turns spent in this place.
 E = Turns spent auto-exploring this place as a percentage of non-inter-level travel turns spent in this place.
 F = Non-inter-level travel turns spent in this place divided by the number of levels of this place that you've seen.
                   A       B       C       D       E      F
               +-------+-------+-------+-------+-------+----------------------
         Total | 100.0 | 100.0 |   0.3 |   0.0 |   8.5 | 262.0
       Dungeon | 100.0 | 100.0 |   0.3 |   0.0 |   8.5 | 262.0
               +-------+-------+-------+-------+-------+----------------------

Table legend:
 A = Kills in this place as a percentage of kills in entire the game.
 B = Kills by you in this place as a percentage of kills by you in the entire game.
 C = Kills by friends in this place as a percentage of kills by friends in the entire game.
 D = Other kills in this place as a percentage of other kills in the entire game.
 E = Experience gained in this place as a percentage of experience gained in the entire game.
 F = Experience gained in this place divided by the number of levels of this place that you have seen.
                   A       B       C       D       E      F
               +-------+-------+-------+-------+-------+----------------------
         Total | 100.0 | 100.0 |  -nan |  -nan | 100.0 |  52.3
       Dungeon | 100.0 | 100.0 |  -nan |  -nan | 100.0 |  52.3
               +-------+-------+-------+-------+-------+----------------------

Skill      XL: |  1  2  3 |
---------------+----------+-----
Polearms       | 2 3 4 |  4.4
Fighting       | |  2.0
Throwing       | |  1.1
Armour         | |  0.6
Dodging        | |  1.3
Spellcasting   | |  1.5
Translocations | |  2.6

Action                   |  1- 3 |  4- 6 || total
-------------------------+-------+-------++-------
Melee: Spear             |   236 |    73 ||   309
       Kick              |    18 |     9 ||    27
Throw: Stone             |    32 |    14 ||    46
  Use: Potion            |     5 |       ||     5
       Scroll            |     2 |       ||     2
  Eat: Chunk             |     3 |     4 ||     7
Armor: Leather armour    |    68 |    18 ||    86
Dodge: Dodged            |    59 |    16 ||    75
Block: Buckler           |    10 |     5 ||    15

Vanquished Creatures
  Terence (D:2)
  2 adders (D:2)
  2 oozes (D:2)
  3 worms (D:2)
  2 leopard geckos (D:3)
  An orc (D:3)
  2 giant cockroaches (D:2)
  6 goblins
  7 hobgoblins
  3 quokkas (D:2)
  5 bats
  2 frilled lizards
  2 kobolds
  11 rats
49 creatures vanquished.
